[Event "12th WLC Weekend 2022"]
[Site "Eindhoven"]
[Date "2022.05.15"]
[Round "5.13"]
[White "Kools, Jasper"]
[Black "Kools, Thomas"]
[Result "1/2-1/2"]
[ECO "D43"]
[WhiteElo "1774"]
[BlackElo "2160"]
[Annotator "TA"]
[PlyCount "126"]
[EventDate "2022.05.13"]
[EventType "swiss"]
[EventCountry "NED"]
[SourceTitle "playchess.com"]
[Source "ChessBase"]
[SourceQuality "1"]
[TimeControl "5400+30"]

1. d4 d5 2. c4 e6 3. Nf3 Nf6 4. Nc3 c6 5. Bg5 h6 6. Bh4 dxc4 7. e3 b5 {[%emt 0:00:45] D43: Semi-Slav: 5 Bg5 h6.} 8. Be2 Bb7 9. O-O Nbd7 {[%emt 0:00:22] Black is slightly better.} 10. a4 a6 {[%emt 0:00:15] [#]} 11. Ne4 $146 ({Predecessor:} 11. b3 b4 12. Na2 c3 13. a5 g5 14. Bg3 Ne4 15. Bc4 h5 16. Qd3 Ndf6 17. Be5 {1-0 (37) Jule,A (1993)-Esmaili,A (1727) Brisbane 2019}) 11... Be7 12. Nxf6+ Nxf6 13. Qc2 O-O 14. b3 cxb3 15. Qxb3 Qb6 16. Ne5 Rfd8 (16... g5 $15 17. Bg3 c5) 17. a5 ({White should play} 17. Rfc1 $14) 17... Qa7 (17... Qc7 $5 18. Nd3 c5 19. Nxc5 Bd5 $15) 18. Bh5 Nxh5 $2 (18... Rf8 $17 {stays on course. ...c5 is the strong threat.} 19. Rfc1 c5 20. dxc5 Nxh5 21. Bxe7 Bd5) 19. Bxe7 $16 Re8 20. Bc5 {[%emt 0:06:08][%mdl 1024] White has strong compensation. White is much more active.} Qb8 21. f4 (21. Qd1 $16 Nf6 22. Qf3) 21... Nf6 $14 22. g4 {[%emt 0:00:45] Strongly threatening g5.} Ne4 {[%emt 0:06:02] Inhibits g5.} 23. Rac1 (23. g5 $11) 23... Nd2 $17 24. Qa2 Nxf1 25. Rxf1 f6 26. Nf3 Qd8 27. e4 Qd7 28. h4 Qf7 29. Qg2 Qg6 30. Re1 Bc8 31. Kh2 Rb8 32. Qg3 Rb7 33. h5 Qf7 34. Nh4 (34. e5 $17 {was worth a try.}) 34... b4 {[%emt 0:04:08][%cal Oe6e5] White must now prevent ...e5!} 35. Ng6 $2 (35. e5) 35... b3 (35... e5 $142 36. fxe5 Qa2+ 37. Qg2 Qxg2+ 38. Kxg2 Bxg4) 36. Bb6 $2 (36. e5) 36... e5 $19 ({Inferior is} 36... b2 37. e5 $17) 37. fxe5 fxe5 38. Nxe5 {[%emt 0:00:05] [#]} Rxe5 39. dxe5 b2 40. Kh3 (40. e6 $142 Qxe6 41. Rb1) 40... Qxh5+ 41. Kg2 Qf7 42. Kh3 h5 43. Qd3 Bxg4+ 44. Kg3 Rd7 45. Qc3 {[%emt 0:00:17] [#]} Be2 $1 46. Bd4 (46. e6 Rd3+) 46... c5 (46... h4+ $142 47. Kg2 Rxd4 $1 48. e6 Qf4 $1 49. e7 Bf3+ $1 50. Kf2 Bxe4+ 51. Kg1 Qg5+ 52. Kf2 Rd2+ 53. Re2 Qf4+ 54. Kg1 b1=Q+ 55. Qc1 Qxc1+ 56. Re1 Qxe1#) 47. Qxc5 Qf3+ 48. Kh2 Rf7 49. Qc8+ Kh7 50. Qh3 Qxh3+ 51. Kxh3 {[%emt 0:00:44] [#] KRB-KRB} Bd3 $2 (51... Rf1 $1 $19 52. Bxb2 Rxe1) 52. Bxb2 $15 g5 53. Re3 $2 {[%emt 0:07:03] Prevents Rf3+.} (53. e6 $15 Rb7 54. Bf6) 53... Bc4 $2 ({Better is} 53... Bf1+ $19 54. Kh2 Rf2+ 55. Kg1 Rxb2 56. Kxf1 Rb5) 54. Rc3 $1 Be6+ (54... Rc7 $15) 55. Kg2 $1 $11 h4 {[%emt 0:01:17][%cal Bh5h4,Bh4h3][%mdl 32] aiming for ...g4.} 56. Rc6 h3+ 57. Kg3 $2 {[%emt 0:00:27] [#]} (57. Kg1 $1 $11 {and White is okay.} Bg4 58. Rxa6) 57... Bd7 $2 (57... g4 $1 $19 {( -> ...Rf3+)} 58. Rc3 (58. Rxe6 $2 Rf3+ 59. Kxg4 h2 $19) 58... Rf1) 58. e6 (58. Rxa6 $5 g4 59. Rf6 $16) 58... Rf3+ 59. Kxf3 Bxc6 60. Be5 Kg8 61. Kg4 Kf8 62. Kxh3 Ke8 (62... Ke7 $11) 63. Kg4 Bb5 {[%emt 0:00:04] And White is the lucky defender.  Weighted Error Value: White=0.82/Black=0.61} (63... Bb7 $14) 1/2-1/2

[Event "12th WLC Weekend 2022"]
[Site "Eindhoven"]
[Date "2022.05.15"]
[Round "5.14"]
[White "Auwens, Michel"]
[Black "Ciornei, Dragos"]
[Result "0-1"]
[ECO "B22"]
[WhiteElo "1791"]
[BlackElo "2164"]
[Annotator "TA"]
[PlyCount "122"]
[EventDate "2022.05.13"]
[EventType "swiss"]
[EventCountry "NED"]
[SourceTitle "playchess.com"]
[Source "ChessBase"]
[SourceQuality "1"]
[TimeControl "5400+30"]

1. e4 c5 2. d4 cxd4 3. c3 g6 4. cxd4 d5 5. e5 Nc6 6. Nc3 Nh6 7. h3 {[%emt 0:04:12] B22: Sicilian: 2 c3.} Nf5 8. Nf3 h5 9. Bb5 {[%emt 0:08:56][%cal Bf1b5,Bb5a4,Ba4b3,Bb3c2,Bc2d3][%mdl 32] White has an edge.} a6 (9... e6) 10. Ba4 {[%emt 0:13:56] [#]} b5 $146 ({Predecessor:} 10... e6 11. Be3 Nxe3 12. fxe3 Bh6 13. Qe2 Bd7 14. Bxc6 Bxc6 15. O-O O-O 16. Ne1 Qe7 {0-1 (42) Schepers,V-Kniest,O (2165) Germany 1993}) 11. Bb3 e6 12. O-O Be7 13. a4 b4 14. Ne2 a5 15. Bc2 Ba6 16. Bd3 (16. Bxf5 $5 gxf5 17. b3 $14) 16... Qb6 17. Be3 Kd7 18. b3 Rag8 19. Rc1 g5 (19... Bxd3 $14 20. Qxd3 g5) 20. Bxf5 $16 exf5 21. Re1 {[%emt 0:00:56][%cal Oh3h4] Threatens to win with h4!} g4 $2 (21... Ke8 $16 {is a better chance.}) 22. Nf4 $1 $18 gxf3 23. Qxf3 Bb7 24. Nxd5 Qd8 25. Qxf5+ Ke8 26. Nf6+ Bxf6 27. exf6 {[%emt 0:03:52] White threatens Bg5+ and mate.} Rxg2+ 28. Kf1 {[%emt 0:00:27] White wants to mate with Bh6+.} Ne7 29. Qb5+ Qd7 30. Qxd7+ $2 (30. Bf4 $18 {and the rest is easy.} Qxb5+ 31. axb5) 30... Kxd7 $16 31. fxe7 Rhg8 {[%emt 0:00:57] [#]} (31... Rg6 $16) 32. Ke2 $1 $18 Re8 (32... Rc8 $142 33. Rxc8 Bxc8) 33. Rc5 Rxe7 34. Rxa5 h4 35. Ra7 Kc8 (35... Ke8 {keeps fighting.} 36. Ra5 Rh2) 36. Rc1+ Kb8 37. Ra5 {[%emt 0:00:13] Strongly threatening Kf1.} Rh2 $2 (37... Rg6 38. Rb5 Ka8 39. Rxb4 Rc6) 38. Kd2 {[%emt 0:00:45] Intending Bf4+ and mate.} Rxe3 39. Kxe3 Rxh3+ {[%emt 0:00:11][%mdl 4096] Endgame KRR-KRB} 40. Kd2 Rxb3 41. Rg1 ({Less strong is} 41. Rb5 h3 42. d5 h2 $18) (41. Re1 $142 {Hoping for Re8+.} Rc3 42. Rb5) 41... Be4 $2 (41... Rb2+ {is a better defense.} 42. Kc1 Rxf2) 42. Rg8+ Kb7 43. Rg7 (43. Rg4 $142 Rd3+ 44. Ke2) 43... Bg6 44. Rg5 (44. Rb5+ $142 Kc7 45. Rg8) 44... Kc6 $16 45. d5+ ({White should play} 45. Rg8 $16) 45... Kc5 {[%emt 0:00:24] [#]} (45... Kd6 $1 $14) 46. d6+ (46. Rg8 $1 $16) 46... Kxd6 $14 47. R7xg6+ (47. Rb5 {seems wilder.} h3 48. Rg8 Rf3 49. Ke1) 47... fxg6 48. Rxg6+ {[%emt 0:00:03] KR-KR} Ke5 49. Rg4 h3 {[%emt 0:00:22] aiming for ...Rb2+.} 50. a5 Kf5 51. Rh4 Kg5 52. Rh8 Kg4 53. Ke2 Ra3 54. Rg8+ Kf4 55. Rf8+ Ke4 {[%emt 0:00:47] White must now prevent ...Ra2+.} 56. f3+ $2 (56. Rh8 $11) 56... Kd4 $19 57. Rf4+ (57. Rd8+ $19 Kc4 58. Kf2) 57... Kc3 {[%emt 0:00:16] Black mates.} 58. Rh4 h2 59. Ke3 Ra2 60. a6 b3 61. a7 b2 {[%emt 0:00:47] Quite a comeback for Black.  Weighted Error Value: White=0.57/Black=0.39} 0-1

[Event "12th WLC Weekend 2022"]
[Site "Eindhoven"]
[Date "2022.05.15"]
[Round "5.15"]
[White "Albers, Sasa"]
[Black "Van de Lagemaat, Arend"]
[Result "1-0"]
[ECO "B11"]
[WhiteElo "2117"]
[BlackElo "1995"]
[Annotator "TA"]
[PlyCount "71"]
[EventDate "2022.05.13"]
[EventType "swiss"]
[EventCountry "NED"]
[SourceTitle "playchess.com"]
[Source "ChessBase"]
[SourceQuality "1"]
[TimeControl "5400+30"]

1. e4 c6 2. Nf3 d5 3. Nc3 Bg4 4. h3 Bxf3 5. Qxf3 e6 6. Be2 Bc5 {[%emt 0:03:32] B11: Caro-Kann: Two Knights Variation.} 7. O-O {[%emt 0:00:06] [#]} d4 $146 (7... Nf6 {feels hotter.} 8. d3 Nbd7 9. Qf4 Qb8) ({Predecessor:} 7... Ne7 8. Na4 Bd6 9. d4 dxe4 10. Qxe4 Nd7 11. Rd1 Nf6 12. Qf3 Qa5 13. b3 e5 14. dxe5 Bxe5 {½-½ (41) Vachier Lagrave,M (2760)-Svidler,P (2714) chess24.com INT 2021}) 8. Nb1 Ne7 {[%emt 0:01:44] The position is equal.} 9. d3 O-O 10. Qg3 Nd7 11. f4 f5 12. Kh1 Nf6 13. Nd2 Bb4 (13... a5) 14. Bf3 Bxd2 15. Bxd2 c5 16. Rae1 Qd7 17. Qf2 Rae8 18. a3 Nc6 19. g4 Re7 20. Qg2 Kh8 21. Re2 g6 22. Rfe1 Rfe8 (22... fxe4 $1 $14 23. dxe4 Qc7) 23. exf5 $16 exf5 24. Rxe7 Rxe7 25. Rxe7 Nxe7 26. Qe2 {[%emt 0:02:24] [#] Qe5 is the strong threat.} Nc6 {[%emt 0:03:59] Prevents Qe5.} 27. c4 Kg7 28. b4 {[%emt 0:00:27][%cal Bb2b4,Bb4b5][%mdl 32] Black must now prevent b5.} b6 $1 29. b5 Nd8 30. gxf5 gxf5 31. Qg2+ Kf8 32. Qg5 Ke7 {[%emt 0:04:34] [#]} (32... Ng8 $14) 33. Be1 $1 {[%emt 0:00:01] And now Bh4 would win. White is much more active.} Nf7 $2 (33... Ne6 $16 34. Qxf5 Ng7 35. Qxd7+ Kxd7) 34. Qg7 $18 {[%emt 0:00:01] White wants to mate with Bh4.} Ke6 35. Bh4 Qe7 36. Bd5+ {[%emt 0:00:24] Weighted Error Value: White=0.09 (flawless) /Black=0.48} 1-0

[Event "12th WLC Weekend 2022"]
[Site "Eindhoven"]
[Date "2022.05.15"]
[Round "5.16"]
[White "Roebers, Jan"]
[Black "Bakija, Alan"]
[Result "1-0"]
[ECO "B11"]
[WhiteElo "2126"]
[BlackElo "1868"]
[Annotator "TA"]
[PlyCount "37"]
[EventDate "2022.05.13"]
[EventType "swiss"]
[EventCountry "NED"]
[SourceTitle "playchess.com"]
[Source "ChessBase"]
[SourceQuality "1"]
[TimeControl "5400+30"]

1. e4 c6 2. Nc3 d5 3. Nf3 Bg4 4. h3 Bxf3 5. Qxf3 e6 6. g3 Qf6 {[%emt 0:01:48] B11: Caro-Kann: Two Knights Variation.} 7. Qe2 {[%emt 0:03:34] [#] Threatens to win with exd5.} Nd7 $146 (7... Qd8 $11 {and Black stays safe.}) ({Predecessor:} 7... dxe4 8. Nxe4 Qg6 9. Bg2 Nd7 10. d4 Ngf6 11. Bf4 Qh5 12. Nd6+ Bxd6 13. Bxd6 Qxe2+ 14. Kxe2 {0-1 (64) Sanchez Jerez,E (2246)-Insa Alfonso,P (2274) Linares 2018}) 8. exd5 $18 Ne5 {[%emt 0:18:04] White is clearly better.} (8... Qe5) 9. Bg2 {[%emt 0:19:27] [#] Prevents Nf3+. aiming for d4.} ({Don't do} 9. f4 Nd7 10. Bg2 Qg6) 9... Ne7 $2 (9... cxd5 10. d4 Nc6 11. Nxd5 Qd8) 10. Ne4 {[%emt 0:14:01][%cal Bc3e4,Be4d6,Bd6b7][%mdl 32] White is clearly winning.} Qg6 11. Nd6+ Kd7 12. Qxe5 exd5 13. Nxb7 Nf5 14. O-O a5 15. g4 Nh4 16. d4 {[%emt 0:01:15] [#] Bf4 is the strong threat.} f5 (16... Nxg2 $142 17. Kxg2 Re8) 17. Nc5+ Bxc5 18. dxc5 fxg4 19. Qd6+ {[%emt 0:00:42] White took control after the opening.  Weighted Error Value: White=0.45/Black=0.78} 1-0

[Event "12th WLC Weekend 2022"]
[Site "Eindhoven"]
[Date "2022.05.15"]
[Round "5.17"]
[White "Margarido, Jose Miguel Teixeira"]
[Black "Wuijts, Johan"]
[Result "1/2-1/2"]
[ECO "C02"]
[WhiteElo "2127"]
[BlackElo "1964"]
[Annotator "TA"]
[PlyCount "43"]
[EventDate "2022.05.13"]
[EventType "swiss"]
[EventCountry "NED"]
[SourceTitle "playchess.com"]
[Source "ChessBase"]
[SourceQuality "1"]
[TimeControl "5400+30"]

1. e4 e6 2. d4 d5 3. e5 c5 4. c3 Nc6 5. Nf3 Bd7 6. Bd3 cxd4 {[%emt 0:00:14] C02: French: Advance Variation.} 7. O-O {[%emt 0:00:02] seems to push 7.cxd4 aside.} Nge7 (7... dxc3 $15 8. Nxc3 Nge7) 8. Re1 (8. cxd4 $11 Nb4 9. Be2) 8... Rc8 (8... dxc3 $15 9. Nxc3 Ng6) 9. h4 {[%emt 0:07:30] [#]} (9. Nxd4 $11 Nxd4 10. cxd4) 9... dxc3 $146 ({Predecessor:} 9... h6 10. a3 dxc3 11. Nxc3 a6 12. Be3 Na5 13. Qe2 Nc4 14. Bc1 b5 15. a4 b4 {1-0 (72) Hector,J (2532)-Brynell,S (2461) Vaxjo 2008}) 10. Nxc3 Nb4 11. Bb1 a6 12. Be3 b5 (12... Nbc6 $15) 13. Ne2 Qc7 14. Ned4 Ng6 (14... Nbc6 $15) 15. a3 $14 Nc6 16. Nxc6 Bxc6 17. Bd4 (17. Qd4 $1 $14) 17... Be7 18. g3 {[%emt 0:06:15][%mdl 1024] White has compensation.} b4 19. a4 Bb7 20. h5 ({White should play} 20. Bd3 $14) 20... Nf8 $11 21. Bd3 Nd7 22. Nd2 {[%emt 0:09:41] Weighted Error Value: White=0.26 (precise) /Black=0.32} ({Better is} 22. Qe2 $11) 1/2-1/2

[Event "12th WLC Weekend 2022"]
[Site "Eindhoven"]
[Date "2022.05.15"]
[Round "5.18"]
[White "Cebula, Jerzy"]
[Black "Van der Velden, Alain"]
[Result "1-0"]
[ECO "C77"]
[WhiteElo "1994"]
[BlackElo "1659"]
[Annotator "TA"]
[PlyCount "35"]
[EventDate "2022.05.13"]
[EventType "swiss"]
[EventCountry "NED"]
[SourceTitle "playchess.com"]
[Source "ChessBase"]
[SourceQuality "1"]
[TimeControl "5400+30"]

1. e4 e5 2. Nf3 Nc6 3. Bb5 a6 4. Ba4 Nf6 5. d4 Nxe4 6. Qe2 (6. O-O $5 ) 6... Nd6 {[%emt 0:06:04] C77: Ruy Lopez: 3...a6 4 Ba4 Nf6, unusual lines.} (6... b5 $11) 7. dxe5 $16 Nf5 {[%emt 0:00:24] [#]} 8. Qe4 $1 g6 9. Nc3 Be7 10. Nd5 {[%emt 0:02:55] [#]} b5 $146 ({Predecessor:} 10... O-O 11. Bf4 b5 12. Bb3 Bb7 13. Nxe7+ Qxe7 14. Bd5 Rab8 15. O-O-O Nd8 16. g4 Ng7 17. Bxb7 Nxb7 {1-0 (28) Acosta,A (2330)-Quintero,R (2092) Bogota 2009}) 11. Bb3 Ng7 (11... O-O {might work better.} 12. h4 Na5) 12. Nf6+ Bxf6 {[%emt 0:00:26] White is clearly better.} 13. exf6+ {[%emt 0:00:13][%mdl 64] Discovered Attack} Ne6 14. Bxe6 O-O 15. Bxf7+ Rxf7 16. Bg5 {[%emt 0:00:14] 0-0-0 is the strong threat. 0x0.000a5aaed871dp-1022s more active pieces. The black rooks are badly placed.} d5 17. Qe2 Bg4 {[%emt 0:03:45][%cal Oh7h6] [#]} 18. O-O-O $1 {[%emt 0:01:30] Weighted Error Value: White=0.11 (very precise) /Black=0.35} 1-0

[Event "12th WLC Weekend 2022"]
[Site "Eindhoven"]
[Date "2022.05.15"]
[Round "5.19"]
[White "Suranyi, Pal"]
[Black "Oskam, Julian"]
[Result "1-0"]
[ECO "D36"]
[WhiteElo "2013"]
[BlackElo "1627"]
[Annotator "TA"]
[PlyCount "63"]
[EventDate "2022.05.13"]
[EventType "swiss"]
[EventCountry "NED"]
[SourceTitle "playchess.com"]
[Source "ChessBase"]
[SourceQuality "1"]
[TimeControl "5400+30"]

1. d4 Nf6 2. c4 e6 3. Nc3 d5 4. cxd5 exd5 5. Bg5 Be7 6. Qc2 c6 7. e3 O-O 8. Bd3 h6 9. Bh4 b6 10. Nge2 Bb7 11. O-O Nbd7 12. f3 Re8 {[%emt 0:05:51] [#]} 13. h3 $146 {[%emt 0:03:58] D36: Queen's Gambit Declined: Exchange Variation: Main line (5 Bg5 c6 6 Qc2).} ({Predecessor:} 13. Bf5 c5 14. Rad1 Nf8 15. Kh1 Nh5 16. Bf2 g6 17. Bh3 cxd4 18. Nxd4 Bc5 19. a3 Nh7 20. g4 N5f6 {½-½ (34) Plas,R (2363)-Mikhailov,V (2351) ICCF email 2019}) 13... Bd6 (13... c5 $11) 14. e4 $16 dxe4 15. fxe4 {[%emt 0:00:04] e5 is the strong threat. White is clearly better.} Be7 16. Bc4 (16. Rad1 $18) 16... b5 $14 {[%emt 0:02:53] [#]} 17. Bxf7+ Kxf7 18. Qb3+ Kg6 (18... Kf8 $2 19. Nf4 (19. e5 Qb6 $16) 19... Nd5 20. exd5 $18) 19. Nf4+ Kh7 {[%emt 0:00:25] Threatens to win with ...Qb6.} 20. Qf7 $2 {[%emt 0:03:26] [#]} (20. e5 $14 {keeps the upper hand.} Nf8 21. exf6 Bxf6 22. Qc2+ (22. Bxf6 Qxf6 23. Rad1 Rad8 $14) 22... Kg8 23. Bxf6 Qxf6 24. Rad1) 20... Bb4 $2 {[%emt 0:10:50][%mdl 8192] Black cannot hold the game after this.} (20... Rf8 $2 21. Qg6+ Kh8 22. Ne6 $18) (20... Nf8 $1 $17 {and life is bright.} 21. Bxf6 Bxf6 22. Qxb7 Qxd4+ 23. Kh1 Qd7 24. Qxd7 Nxd7) 21. e5 $18 Nf8 {[%emt 0:04:16] Prevents Qg6+.} (21... Qe7 22. Qg6+ Kg8) 22. exf6 {[%emt 0:07:29][%csl Gf6][%cal Rf7g7] Chess con chili.} ({Not} 22. Qxb7 Qxd4+ 23. Kh1 Qd7 $11) 22... Qxd4+ 23. Kh1 Qd7 24. Qxd7 $40 {[%emt 0:01:47][%mdl 128] White is out for blood.} (24. Qb3 $142 Bxc3 25. bxc3) 24... Nxd7 {[%emt 0:00:01] [#]} 25. fxg7 Bxc3 (25... Kxg7 {was necessary.} 26. Rad1 Bc8) 26. bxc3 {[%emt 0:00:56] aiming for Rad1.} Kxg7 (26... Re5 $142 27. Rad1 Nb6) 27. Rad1 Nb6 (27... Bc8 $142 28. Nh5+ Kh7) 28. Nh5+ Kg6 29. Rd6+ {[%emt 0:00:41] White mates.} Kxh5 30. Rf5+ Kxh4 31. Rd4+ Kg3 32. Rf3# {[%emt 0:00:28] Weighted Error Value: White=0.38/Black=0.89} 1-0

[Event "12th WLC Weekend 2022"]
[Site "Eindhoven"]
[Date "2022.05.15"]
[Round "5.20"]
[White "Van Helvoort, Rob"]
[Black "Verweij, David"]
[Result "1-0"]
[ECO "B06"]
[WhiteElo "2133"]
[BlackElo "1728"]
[Annotator "TA"]
[PlyCount "169"]
[EventDate "2022.05.13"]
[EventType "swiss"]
[EventCountry "NED"]
[SourceTitle "playchess.com"]
[Source "ChessBase"]
[SourceQuality "1"]
[TimeControl "5400+30"]

1. e4 Nc6 2. Nf3 g6 3. d4 d6 4. c3 Bg7 5. Bd3 e5 6. dxe5 dxe5 {[%emt 0:00:50] B06: Modern Defence.} 7. O-O Nge7 8. b4 a6 {[%emt 0:01:12] [#] White is slightly better.} 9. Qe2 $146 ({Predecessor:} 9. a4 Be6 10. Qc2 O-O 11. Rd1 Qc8 12. Ba3 Re8 13. Nbd2 Na7 14. Ng5 b5 15. Nxe6 Qxe6 {1-0 (29) Martin,J (1882)-Jaumin,J (1850) France 2000}) 9... Bg4 10. Nbd2 O-O 11. h3 Bd7 12. a4 Qc8 13. Ba3 Re8 14. Nc4 f6 15. Ne3 Nd8 16. b5 Ne6 17. Bc4 {[%emt 0:09:28] White is more active.} Kh8 18. g3 axb5 19. axb5 c6 20. b6 f5 $2 {[%emt 0:03:17] [#] White leaves nothing to chance now.} (20... c5 $14) 21. exf5 $1 $18 gxf5 22. Bxe7 Rxa1 23. Rxa1 Rxe7 24. Ra5 (24. Nxf5 Nf4 25. gxf4 Bxf5) 24... Nf8 {[%emt 0:02:48] [#]} 25. Qa2 $1 {[%emt 0:01:07] Ra8 is the strong threat.} Qe8 (25... Qd8 {might work better.}) 26. Ng5 {[%emt 0:02:04] Threatens to win with Qa3.} (26. Ra8 Qh5 $16) 26... Qh5 (26... f4 {was worth a try.}) 27. Nf7+ Rxf7 28. Bxf7 Qxh3 29. Qc4 {[%emt 0:01:44] Inhibits f4.} ({Resist} 29. Ra8 Qh6 30. Qa3 f4 $18) 29... f4 30. gxf4 Qh4 31. f5 e4 32. Ra8 {[%emt 0:02:39] And now Qc5 would win.} Qe7 {[%emt 0:04:56] Prevents Qc5.} 33. Be6 {[%emt 0:01:03] Black must now prevent Bxd7.} Bxe6 34. Qxe6 Qg5+ 35. Kf1 Qh4 36. f6 Bh6 37. Qf5 (37. Qf7 $142 Qg5 38. Rxf8+ Bxf8 39. Qxf8+ Qg8 40. Qe7 Qg5 41. Qe8+ Qg8 42. f7) 37... Qh1+ 38. Ke2 {[%emt 0:00:03] White threatens Qe5 and mate.} Qb1 39. Qc5 (39. Qe5 $142 Qd3+ 40. Ke1 Qb1+ 41. Nd1 Qb5 42. Qe7 Qg5 43. Rxf8+ Bxf8 44. Qxf8+ Qg8 45. Qe7) 39... Kg8 40. Qc4+ Kh8 41. Qd4 (41. Qf7 $142 Qd3+ 42. Ke1 Qxc3+ 43. Kf1 Qc5 44. Ng4 Qc1+ 45. Kg2 Qg5 46. Kh3) 41... Kg8 42. Qc4+ (42. Ng4 $18 Qd3+ 43. Qxd3 exd3+ 44. Kxd3) 42... Kh8 43. f7 (43. Qf7 $142 Qd3+ 44. Ke1 Qxc3+ 45. Kf1 Qc5 46. Ng4 Qc1+ 47. Kg2 Qg5 48. Kh3) 43... Kg7 44. Nf5+ Kg6 45. Ng3 Qc2+ 46. Kf1 Qd1+ 47. Kg2 Qf3+ 48. Kg1 (48. Kh3 $142) 48... Qd1+ $2 (48... e3 49. Qd3+ Kxf7 50. Qf5+ Qxf5 51. Nxf5 Bg5) 49. Kh2 e3 50. Qe4+ Kg7 51. Nf5+ (51. Qe7 $142 Bg5 52. Qxg5+ Kxf7 53. Qf5+ Kg7 54. Rxf8 Qg1+ 55. Kxg1 exf2+ 56. Qxf2 h5 57. Qf6+ Kh7 58. Rh8#) 51... Kf6 52. Qd4+ $2 (52. Nxh6 Qh5+ 53. Kg2 Qxh6 54. fxe3) 52... Qxd4 53. Nxd4 {[%emt 0:00:04][%mdl 4096] Endgame KRN-KBN. Really sharp!} (53. cxd4 e2 54. Re8 Kxf5 55. Rxe2 Kf6 $17) 53... c5 54. Ne2 exf2 55. Kg2 Nd7 56. Ra7 Nxb6 (56... Kxf7 $142 57. Rxb7 (57. Kxf2 Ke6 $18) 57... Ke8 58. Kxf2 Bg5) 57. Rxb7 Nd5 (57... Nc4 {was called for.} 58. Ng3 (58. Kxf2 Bf8 $18) 58... Kg6) 58. Kxf2 Bf8 59. Kf3 Ne7 60. Ng3 Kxf7 61. Ne4 Ke6 62. Nxc5+ Kd5 63. Ne4 Kc6 64. Rb1 Ng6 65. Rh1 h6 66. Rh5 {[%emt 0:00:33] Inhibits Ne5+.} Bg7 67. Rc5+ Kb6 (67... Kb7 $142 68. Rd5 Kc7) 68. Rc8 {[%emt 0:00:30] Strongly threatening Rg8.} Ne7 {[%emt 0:01:02] Prevents Rg8.} 69. Re8 Nd5 70. c4 Nc3 $2 (70... Nc7 $18 71. Re7 Bb2) 71. Re6+ {[%emt 0:00:33] White mates.} Ka5 72. Nxc3 Bxc3 73. Rxh6 {[%emt 0:00:06] KR-KB} Kb4 74. Rc6 Bd4 75. Ke4 Bg1 76. Kd5 Bf2 77. Rc7 Ka5 78. Rb7 Ka6 79. Kc6 Be1 80. Rb1 Bc3 81. Rb3 Ba5 82. Ra3 Ka7 83. Rxa5+ Kb8 84. c5 Kc8 85. Ra8# {[%emt 0:00:05] Weighted Error Value: White=0.65/Black=1.07} 1-0

[Event "12th WLC Weekend 2022"]
[Site "Eindhoven"]
[Date "2022.05.15"]
[Round "5.21"]
[White "Blijlevens, Pim"]
[Black "Van de Put, Jeroen"]
[Result "0-1"]
[ECO "A03"]
[WhiteElo "1958"]
[BlackElo "1987"]
[Annotator "TA"]
[PlyCount "62"]
[EventDate "2022.05.13"]
[EventType "swiss"]
[EventCountry "NED"]
[SourceTitle "playchess.com"]
[Source "ChessBase"]
[SourceQuality "1"]
[TimeControl "5400+30"]

1. f4 c5 2. b3 Nc6 3. Bb2 Nf6 4. Nf3 d5 5. e3 a6 6. a4 {[%emt 0:02:26] A03: Bird's Opening with 1...d5.} Bg4 7. Be2 e6 8. O-O {[%emt 0:01:52] [#] The position is equal.} Rc8 $146 ({Predecessor:} 8... Bd6 9. Ne5 Bxe2 10. Nxc6 Bxd1 11. Nxd8 Bxc2 12. Nxb7 Be7 13. Be5 Bxb3 14. Nc3 O-O 15. a5 Nd7 16. Bc7 Rfc8 17. Bd6 Bxd6 18. Nxd6 Rc6 19. Nb7 Rb8 {0-1 (19) Batikiants,S (2195)-Zhenetl,R Krasnodar 1998}) 9. Ne5 Bxe2 10. Qxe2 Bd6 11. d3 (11. Nxc6 $11 Rxc6 12. d3) 11... O-O ({Black should play} 11... Bxe5 $15 12. fxe5 Nd7) 12. Nxc6 $11 Rxc6 13. e4 (13. Nd2 $11) 13... dxe4 $1 $15 14. dxe4 {[%emt 0:02:52] [#] aiming for e5.} c4 $1 15. Kh1 {[%emt 0:02:26] Black must now prevent e5.} cxb3 16. cxb3 {[%emt 0:01:53] Strongly threatening e5.} Bb4 17. Na3 Bc3 18. Bxc3 Rxc3 19. e5 Nd5 20. Rf3 {[%emt 0:01:58] [#]} (20. Rab1 $15) 20... Qb6 $1 $17 {[%emt 0:03:22] And now ...Qxb3 would win.} 21. Rxc3 Nxc3 22. Qc4 Nd5 {[%emt 0:00:28] Black is more active.} 23. Nc2 Qf2 24. Rf1 Qd2 25. f5 b5 (25... exf5 $19 26. Qd4 Qxd4 27. Nxd4 g6) 26. axb5 axb5 $40 {[%emt 0:01:25][%mdl 128] Black goes for the king.} 27. Qxb5 {[%emt 0:05:24][%mdl 8192] This costs White the game.} Qxc2 $19 {[%emt 0:05:46] Black is clearly winning.} 28. fxe6 fxe6 29. Rxf8+ Kxf8 30. Qb8+ Kf7 31. h3 Qc7 {[%emt 0:00:53] Weighted Error Value: White=0.44/Black=0.12 (very precise)} 0-1